Map: Cactus Valley LE (Void)

Players

lIlIIlIlIIll

  • Race: Zerg Zerg
  • League: Master
  • Spawn Location: 1:00

Railgan - Winner!

  • Race: Zerg Zerg
  • League: Grandmaster
  • Spawn Location: 11:00

VOD

Have the link to the VOD?

Description

Time

  • Played on: March 24, 2017, 8:39 p.m.
  • Length: 5:05
Show
View Real Time Build Order
Export as new Build Order

lIlIIlIlIIll Zerg 

Build Orders: Hatch First 

Get SALT Encoding   

  12  0:00  Drone  
  13  0:11  Overlord  
  13  0:17  Drone  
  14  0:30  Drone x2  
  14  0:34  Drone  
  17  0:52  Hatchery  
  17  0:55  Drone  
  17  0:57  Extractor  
  16  1:10  Spawning Pool  
  15  1:13  Drone  
  15  1:17  Drone  
  17  1:20  Drone  
  18  1:27  Drone  
  19  1:37  Overlord  
  19  1:58  Queen  
  19  1:59  Metabolic Boost  
  19  2:00  Zergling x4  
  23  2:11  Spine Crawler, Zergling x2  
  23  2:25  Zergling x2  
  23  2:32  Zergling x2  
  22  2:40  Queen  
  22  2:42  Zergling x2  
  24  2:53  Zergling x2  
  25  3:06  Zergling x2  
  23  3:14  Zergling x4  
  23  3:15  Drone  
  25  3:23  Queen  
  25  3:25  Zergling x2  
  26  3:36  Zergling x2  
  24  3:51  Evolution Chamber  
  23  3:56  Evolution Chamber  
  23  3:58  Zergling x2  
  23  3:59  Queen  
  23  4:00  Evolution Chamber  
  22  4:10  Drone x3  
  16  4:18  Drone  
  16  4:30  Drone  
  18  4:45  Drone  
  18  4:49  Drone  
Show
View Real Time Build Order
Export as new Build Order

Railgan Zerg - Winner!

Build Orders: Pool Only, Zergling Baneling 

Get SALT Encoding   

  12  0:19  Spawning Pool  
  11  0:22  Drone  
  11  0:27  Drone  
  13  0:31  Drone  
  14  0:42  Overlord  
  14  0:45  Extractor  
  13  1:06  Zergling x6  
  13  1:08  Queen  
  18  1:17  Zergling x2  
  19  1:27  Zergling x2  
  20  1:39  Zergling x2  
  21  1:49  Zergling x2  
  21  1:50  Metabolic Boost  
  22  2:02  Overlord  
  22  2:09  Baneling Nest  
  22  2:11  Zergling x2  
  22  2:29  Zergling x2  
  22  2:35  Zergling x2  
  22  2:36  Zergling x4  
  22  2:48  Zergling x2  
  23  2:55  Baneling x4  
  23  2:58  Zergling x2  
  24  3:09  Zergling x2  
  24  3:12  Zergling x2  
  24  3:13  Zergling x2  
  22  3:20  Drone  
  22  3:24  Zergling x2  
  24  3:31  Baneling x3  
  24  3:34  Zergling x2  
  24  3:38  Baneling  
  24  3:40  Zergling x2  
  26  3:47  Zergling x2  
  26  3:48  Zergling x2  
  27  3:58  Zergling x2  
  24  4:21  Zergling x2  
  22  4:25  Zergling x2  
  22  4:27  Zergling x2  
  22  4:28  Zergling x2  
  22  4:30  Baneling x4  
  25  4:39  Drone  
  25  4:45  Zergling x2  
Tags
 
Add a new tag
Caveats
  • Supply blocks, unpowered buildings, or Contaminate may cause inaccurate times.
  • Supply counts are checked every 10 seconds.